 Dungeon Crawl Stone Soup version 0.27-a0-328-g7f782ed93a (webtiles) character file.

Game seed: 10221934887465989190

184 wampuh the Cutter (level 5, 0/58 HPs)
             Began as a Demonspawn Gladiator on Feb 12, 2021.
             Succumbed to kobold brigand's curare-tipped dart
             ... in a sewer.
             The game lasted 00:03:41 (2122 turns).

wampuh the Cutter (Demonspawn Gladiator)            Turns: 2122, Time: 00:03:42

Health: 0/58       AC:  4    Str: 15    XL:     5   Next: 36%
Magic:  5/5        EV: 12    Int:  9    God:
Gold:   109        SH:  0    Dex: 15    Spells: 4/4 levels left

rFire    . . .     SeeInvis .   n - +1 dagger (drain)
rCold    . . .     Faith    .   (no shield)
rNeg     . . .     Spirit   .   b - +0 leather armour
rPois    .         Reflect  .   c - +0 helmet
rElec    .         Harm     .   (no cloak)
rCorr    .         Rampage  .   (no gloves)
Will     .....                  (no boots)
Stlth    ..........             e - amulet of magic regeneration
HPRegen  0.19/turn              (no ring)
MPRegen  0.34/turn              (no ring)

@: berserking, lethally poisoned (0 -> -8), slowed
A: claws 2, demonic magic 1
a: no special abilities


You were in a sewer.
You visited 1 branch of the dungeon, and saw 3 of its levels.
You also visited: Sewer.

You collected 109 gold pieces.

Inventory:

Hand Weapons
 m - a +3 dagger
 n - a +1 dagger of draining (weapon)
Missiles
 d - 3 throwing nets (quivered)
 l - 19 poisoned darts
 q - 3 atropa-tipped darts
Armour
 b - a +0 leather armour (worn)
 c - a +0 helmet (worn)
Jewellery
 e - an amulet of magic regeneration (around neck)
 r - a +6 ring of dexterity
Wands
 u - a wand of paralysis (1)
Scrolls
 f - a scroll of fear {unknown}
 g - a scroll of teleportation {unknown}
 h - 3 scrolls of identify {unknown}
 j - 2 scrolls of blinking {unknown}
 k - a scroll of amnesia {unknown}
 o - a scroll of random uselessness {unknown}
 t - a scroll of magic mapping {unknown}
Potions
 a - a potion of berserk rage
 i - a potion of brilliance {unknown}
 p - 2 potions of haste {unknown}
 s - 2 potions of heal wounds {unknown}


   Skills:
 + Level 2.6 Fighting
 + Level 3.8 Short Blades
 + Level 2.0 Throwing
 + Level 1.8 Armour
 - Level 2.6 Dodging
 * Level 2.7 Stealth


You had 4 spell levels left.
You didn't know any spells.
Your spell library was empty.

Dungeon Overview and Level Annotations

Branches:
Dungeon (3/15)              Sewer (1/1)

Altars:
Cheibriados
Kikubaaqudgha
Xom
Yredelemnul

Annotations:
D:2 2 transporters, Menkaure


Innate Abilities, Weirdness & Mutations

You have very sharp fingernails.
Spells you cast may paralyse adjacent enemies.


Message History

The kobold brigand throws a curare-tipped dart.
The curare-tipped dart hits you.
You are more poisoned.
You have difficulty breathing.
You feel as though you will be slow longer.
You hit the kobold brigand but do no damage.
You feel sick. The ooze barely misses you.
Unknown command.
It was a potion of berserk rage.
A red film seems to cover your vision as you go berserk!
You feel yourself moving faster!
You feel mighty!
You feel sick. The kobold brigand hits you.
* * * LOW HITPOINT WARNING * * *
The ooze splashes around in the water.
The kobold brigand hits you!
* * * LOW HITPOINT WARNING * * *
You are too berserk!
You closely miss the kobold brigand.
* * * LOW HITPOINT WARNING * * *
You feel sick.
The ooze splashes around in the water.
The kobold brigand hits you.
* * * LOW HITPOINT WARNING * * *
You puncture the kobold brigand! You drain the kobold brigand.
The kobold brigand is heavily wounded.
* * * LOW HITPOINT WARNING * * *
You feel sick. The ooze misses you.
You hit the kobold brigand. You drain the kobold brigand.
The kobold brigand is severely wounded.
* * * LOW HITPOINT WARNING * * *
You feel sick.
The kobold brigand splashes around in the water.
The ooze misses you.
You hit the kobold brigand. You drain the kobold brigand.
The kobold brigand is almost dead.
The kobold brigand hits you but does no damage.
The ooze hits you.
* * * LOW HITPOINT WARNING * * *
You puncture the kobold brigand!
You kill the kobold brigand!
You hear a splash.
You die...

####### #####≈≈≈≈.#
.≈. #######≈.≈≈≈#####
.. ##≈≈.≈.≈≈###.†≈≈.#
≈# #..≈≈≈≈.≈# #######
≈####≈≈≈...≈≈###≈≈≈≈.#
.≈##≈≈..####≈≈≈≈J#####
..≈.≈≈.## #####@(≈≈.#
≈.≈.≈≈## #######
..≈.≈≈# .≈.≈.≈#
....≈≈# ≈.≈.≈≈#
..≈≈≈..# .≈##.≈.≈#
≈####.≈.≈≈


You could see an ooze.

Vanquished Creatures
  2 kobold brigands (Sewer)
  4 adders
  An ooze (D:2)
  2 worms (D:2)
  4 leopard geckos
  An orc (D:3)
  8 bats
  2 giant cockroaches (D:3)
  6 goblins
  3 hobgoblins
  9 jackals
  2 quokkas
  A ball python (D:1)
  3 frilled lizards (D:2)
  2 kobolds (D:3)
  15 rats
65 creatures vanquished.

Notes
Turn   | Place    | Note
-------+----------+-------------------------------------------
     0 | D:1      | wampuh the Demonspawn Gladiator began the quest for the
                  | Orb.
     0 | D:1      | Reached XP level 1. HP: 16/16 MP: 1/1
   234 | D:1      | Gained mutation: Spells you cast may paralyse adjacent
                  | enemies. [demonic ancestry]
   234 | D:1      | Reached XP level 2. HP: 21/22 MP: 2/2
   341 | D:1      | Reached skill level 3 in Short Blades
   396 | D:1      | Reached skill level 1 in Stealth
   868 | D:1      | Reached XP level 3. HP: 28/28 MP: 3/3
  1126 | D:2      | Found a transporter.
  1127 | D:2      | Noticed a phantom
  1226 | D:2      | Noticed a phantom
  1233 | D:2      | Found a transporter.
  1233 | D:2      | Found an ancient bone altar of Kikubaaqudgha.
  1289 | D:2      | Found a snail-covered altar of Cheibriados.
  1494 | D:2      | Noticed Menkaure
  1496 | D:2      | Found a basalt altar of Yredelemnul.
  1619 | D:2      | Gained mutation: You have sharp fingernails. [demonic
                  | ancestry]
  1619 | D:2      | Reached XP level 4. HP: 32/34 MP: 4/4
  1822 | D:2      | Found a shimmering altar of Xom.
  1895 | D:3      | Reached skill level 1 in Armour
  2023 | D:3      | Found a glowing drain.
  2042 | Sewer    | Entered a sewer
  2069 | Sewer    | Noticed a kobold brigand
  2088 | Sewer    | Killed a kobold brigand
  2089 | Sewer    | Gained mutation: You have very sharp fingernails. [demonic
                  | ancestry]
  2089 | Sewer    | Reached XP level 5. HP: 37/39 MP: 5/5
  2121 | Sewer    | HP: 1/58 [ooze (2)]
  2122 | Sewer    | Succumbed to kobold brigand's curare-tipped dart

Illustrated notes

Levels and vault maps discovered:
D:1:      nagdon_arrival_zigzag_paths, layout_basic, dk_noncrumbling_3
D:2:      layout_rooms, gammafunk_temple_of_torment, old_standard_altar,
          tgw_xom, roderic_roman_lattice
D:3:      layout_rooms, tso_altar, grunt_dithmenos_smoke,
          chequers_temple_overflow_minitemple, portal_sewer_entry_f,
          minmay_diced_spiral
Sewer:    sewer_co_tree

Skill      XL: |  1  2  3  4 |
---------------+-------------+-----
Short Blades   | 3 |  3.8
Throwing       | 2 |  2.0
Stealth        | 1 2 |  2.7
Armour         | 1 |  1.8
Fighting       | |  2.6
Dodging        | |  2.6

Action                   |  1- 3 |  4- 6 || total
-------------------------+-------+-------++-------
Melee: Rapier            |    32 |       ||    32
       Dagger            |    84 |    73 ||   157
  Use: Potion            |       |     1 ||     1
 Stab: Sleeping          |     2 |     2 ||     4
       Distracted        |       |     1 ||     1
Armor: Leather armour    |    32 |    14 ||    46
Dodge: Dodged            |    84 |    31 ||   115

Table legend: (Time is in decaauts)
 A = Elapsed time spent in this place.
 B = Non-inter-level travel time spent in this place.
 C = Inter-level travel time spent in this place.
 D = Time resting spent in this place.
 E = Time spent auto-exploring this place.
 F = Levels seen in this place.
 G = Mean time per level.
                   A        B        C        D        E       F      G
               +--------+--------+--------+--------+--------+-----+--------+
         Total |   2123 |   2072 |     51 |    468 |   1163 |   4 |  530.8 |
       Dungeon |   2029 |   1978 |     51 |    468 |   1116 |   3 |  676.3 |
         Sewer |     93 |     93 |      0 |      0 |     47 |   1 |   93.0 |
               +--------+--------+--------+--------+--------+-----+--------+

Top non-repeatable levels by time:
     D:1: 1033 daAuts
     D:2: 836 daAuts
     D:3: 160 daAuts
   Sewer: 93 daAuts
